 Dungeon Crawl Stone Soup version 0.23-a0-241-g3b46b07 (webtiles) character file.

2170 Amnesiac the Covert (level 9, -3/39 HPs)
             Began as a Spriggan Enchanter on Sept 27, 2018.
             Was an Elder of Dithmenos.
             Slain by an orc warrior
             ... wielding a +0 war axe
              (20 damage)
             ... in a bailey.
             The game lasted 00:16:29 (8330 turns).

Amnesiac the Covert (Spriggan Enchanter)            Turns: 8330, Time: 00:16:30

Health: -3/39      AC:  4    Str:  9    XL:     9   Next: 11%
Magic:  18/20      EV: 19    Int: 20    God:    Dithmenos [****..]
Gold:   121        SH:  0    Dex: 20    Spells: 13/22 levels left

rFire    . . .     SeeInvis +   a - +0 dagger (speed)
rCold    . . .     Gourm    .   (shield restricted)
rNeg     . . .     Faith    .   b - +1 robe of Wu Jian's Castigation {Str+5 Dex+4}
rPois    .         Spirit   .   (helmet restricted)
rElec    .         Reflect  .   p - +0 cloak {+Inv}
rCorr    .         Harm     .   (gloves unavailable)
MR       +....                  (boots unavailable)
Stlth    +++++++++.             (no amulet)
HPRegen  0.13/turn              d - +1 ring of evasion
MPRegen  0.17/turn              x - ring of stealth

@: very slightly contaminated, wreathed by umbra, very quick
A: very small, unfitting armour, see invisible, herbivore, speed 3, slow
metabolism 2
a: Shadow Step, Renounce Religion, Evoke Invisibility


You were in a bailey.
You worshipped Dithmenos.
Dithmenos was greatly pleased with you.
You were not hungry.

You visited 1 branch of the dungeon, and saw 8 of its levels.
You also visited: Bailey.

You collected 360 gold pieces.
You spent 239 gold pieces at shops.

Inventory:

Hand Weapons
 a - a +0 dagger of speed (weapon)
Missiles
 G - a throwing net
 H - 33 tomahawks of returning (quivered)
Armour
 b - the +1 robe of Wu Jian's Castigation (worn) {Str+5 Dex+4}
   (You found it on level 5 of the Dungeon)

   It affects your strength (+5).
   It affects your dexterity (+4).
 p - a +0 cloak of invisibility (worn)
Jewellery
 d - a +1 ring of evasion (left hand)
 r - an uncursed ring of protection from cold
 x - a ring of stealth (right hand)
Wands
 f - a wand of acid (8)
 u - a wand of random effects (38)
 A - a wand of flame (40)
 E - a wand of iceblast (7)
Scrolls
 c - 2 scrolls of fog {!r}
 h - 3 scrolls of teleportation {!r}
 i - a scroll of enchant weapon {!r}
 l - a scroll of amnesia {!r}
 m - 3 scrolls of remove curse {!r}
 q - a scroll of magic mapping {!r}
 s - a scroll of blinking {!r}
 w - 3 scrolls of enchant armour {!r}
 y - 5 scrolls of identify {!r}
Potions
 e - 4 potions of curing {!q}
 g - 2 potions of flight {!q}
 j - a potion of might {!q}
 k - 4 potions of lignification {!q}
 o - a potion of berserk rage {!q}
 t - a potion of resistance {!q, unknown}
 v - 2 potions of heal wounds {!q}
 z - a potion of invisibility {!q}
 B - 2 potions of magic {!q, unknown}
 C - a potion of mutation {!q}
 D - a potion of brilliance {!q}
 F - 2 potions of haste {!q}
Comestibles
 n - 14 rations


   Skills:
 * Level 9.6 Short Blades
 - Level 3.0 Dodging
 + Level 9.7 Stealth
 + Level 7.2 Spellcasting
 - Level 4.5 Hexes


You had 13 spell levels left.
You knew the following spells:

 Your Spells              Type           Power        Failure   Level  Hunger
a - Ensorcelled Hibernat  Hex/Ice        ###...       5%          2    None
b - Corona                Hex            ####...      1%          1    None
e - Confuse               Hex            ####....     4%          3    #......
w - Tukima's Dance        Hex            ####....     4%          3    #......

Your spell library contained the following spells:

 Spells                   Type           Power        Failure   Level  Hunger
 Dazzling Spray           Conj/Hex       ###...       11%         3    #......


Dungeon Overview and Level Annotations

Branches:
Dungeon (8/15)             Temple (0/1) D:7
   Lair: D:8-11

Altars:
Dithmenos
Fedhas
Gozag
Hepliaklqana
Makhleb
Okawaru
Vehumet
Wu Jian
Xom
Yredelemnul
Zin

Shops:
D:7 ?[??


Innate Abilities, Weirdness & Mutations

You are very small and have problems with some larger weapons.
You are too small for most types of armour.
You have supernaturally acute eyesight. (SInv)
You are a herbivore.
You cover ground extremely quickly.
You need to consume almost no food.


Message History

You kill the kobold!
Dithmenos accepts your kill.
The tomahawk of returning fails to return to your pack!
The kobold throws a tomahawk of returning.
The tomahawk of returning closely misses you.
Throwing (i - inventory. (/) - cycle)
H - 29 tomahawks of returning (quivered)
Press: ? - help, Shift-Dir - straight line, f - kobold
Aim: a kobold (umbra)
You throw a tomahawk of returning.
The tomahawk of returning hits the kobold.
You kill the kobold!
Dithmenos accepts your kill.
The tomahawk of returning fails to return to your pack!
Throwing (i - inventory. (/) - cycle)
H - 28 tomahawks of returning (quivered)
Press: ? - help, Shift-Dir - straight line, f - you That would be overly suicidal.
Okay, then.
Throwing (i - inventory. (/) - cycle)
H - 28 tomahawks of returning (quivered)
Press: ? - help, Shift-Dir - straight line, f - you That would be overly suicidal.
Okay, then.
Throwing (i - inventory. (/) - cycle)
H - 28 tomahawks of returning (quivered)
Press: ? - help, Shift-Dir - straight line, f - you That would be overly suicidal.
Okay, then.
Throwing (i - inventory. (/) - cycle)
H - 28 tomahawks of returning (quivered)
Press: ? - help, Shift-Dir - straight line, f - you
Okay, then.
H - 31 tomahawks of returning (gained 3)
H - 32 tomahawks of returning (gained 1)
H - 33 tomahawks of returning (gained 1)
The goblin is too close now for your liking.
A goblin is nearby!
A goblin is nearby!
A goblin is nearby!
An orc warrior comes into view. It is wielding a war axe.
Found 8 gold pieces and a potion of brilliance.
A goblin comes into view. It is wielding a war axe.
Found a potion of haste.
There is an open door here.
Found a bubbling ruby potion and 20 gold pieces.
The helpless goblin fails to defend itself.
You skewer the goblin like a kebab!!!!
You kill the goblin!
Dithmenos accepts your kill.
The orc warrior shouts!
The goblin shouts!
The orc warrior hits you with a war axe!!
Ouch! That really hurt!
* * * LOW HITPOINT WARNING * * *
You emit a cloud of dark smoke.
Things that are here:
a hand axe; a leather armour; a goblin corpse You hit the orc warrior but do no damage.
Casting: Confuse (safe; 4% risk of failure)
Confirm with . or Enter, or press ? or * to list all spells.
Aiming: Ensorcelled Hibernation (safe; 5% risk of failure)
Press: ? - help, Shift-Dir - straight line, f - orc warrior
Aim: an orc warrior, wielding a war axe and wearing a chain mail (black smoke, You miscast Ensorcelled Hibernation.
You are very lightly contaminated with residual magic.
Nothing appears to happen.
The orc warrior hits you with a war axe!!
Ouch! That really hurt!
You die...

♣..(≈≈≈.#
....... #
∩...≈≈≈.# #
♣..(≈≈≈.# #
♣(..≈≈≈.# #
♣♣..###'## #
♣.##....# .
♣##.....# ≈
#.
##......####
#.
#..@8......#
..
#$..o........
..
#!.§g§.......
...
##!.8..8.....
##.......###
##.....##
##!$.## #####


You could see an orc warrior and a goblin.

Vanquished Creatures
  A hippogriff (D:7)
  Eustachio (D:6)
  Edmund (D:4)
  2 orc warriors (Bailey)
  A phantom (D:7)
  2 centaurs (D:5)
  2 ogres
  3 bullfrogs (D:6)
  5 wights (D:6)
  A crimson imp (D:3)
  2 orc wizards
  A centaur skeleton (D:5)
  An orc priest (D:5)
  A hound (D:5)
  A jelly (D:8)
  A bullfrog skeleton (D:4)
  3 iguanas
  2 worker ants
  A hound skeleton (D:5)
  A howler monkey skeleton (D:4)
  9 adders
  6 gnolls
  3 shadow imps
  An ooze (D:1)
  An adder skeleton (D:4)
  An adder zombie (D:5)
  6 worms
  3 dart slugs
  A leopard gecko (shapeshifter) (D:5)
  5 leopard geckos
  18 orcs
  5 giant cockroaches
  11 goblins
  14 hobgoblins
  13 jackals
  25 kobolds
  3 quokkas
  A ball python (D:2)
  3 bats
  4 frilled lizards
  2 giant cockroach zombies (D:5)
  A leopard gecko skeleton (D:4)
  9 rats
178 creatures vanquished.

Vanquished Creatures (collateral kills)
  An ogre (D:4)
  Crazy Yiuf (D:2)
2 creatures vanquished.

Vanquished Creatures (others)
  A fungus (D:2)
1 creature vanquished.

Grand Total: 181 creatures vanquished

Notes
Turn   | Place    | Note
-------+----------+-------------------------------------------
     0 | D:1      | Amnesiac the Spriggan Enchanter began the quest for the
                  | Orb.
     0 | D:1      | Reached XP level 1. HP: 9/9 MP: 5/5
   526 | D:3      | Found a shadowy altar of Dithmenos.
   534 | D:3      | Became a worshipper of Dithmenos the Shadowed
   732 | D:1      | Reached XP level 2. HP: 5/13 MP: 5/7
   739 | D:1      | Learned a level 2 spell: Ensorcelled Hibernation
  1464 | D:1      | Reached XP level 3. HP: 14/16 MP: 8/8
  1471 | D:1      | Learned a level 3 spell: Confuse
  2068 | D:2      | Reached * piety under Dithmenos
  2068 | D:2      | Reached XP level 4. HP: 18/21 MP: 9/9
  2394 | D:2      | Found a radiant altar of Vehumet.
  2514 | D:2      | Learned a level 3 spell: Tukima's Dance
  2517 | D:2      | Found a runed door.
  2543 | D:2      | Noticed Crazy Yiuf
  2554 | D:2      | Killed Crazy Yiuf
  3690 | D:3      | Reached XP level 5. HP: 19/24 MP: 4/10
  3734 | D:3      | Reached ** piety under Dithmenos
  3760 | D:3      | Found a hazy altar of Hepliaklqana.
  4197 | D:3      | Found a blossoming altar of Fedhas.
  4403 | D:3      | Found a shimmering altar of Xom.
  4403 | D:3      | Found a burning altar of Makhleb.
  4542 | D:4      | Reached skill level 5 in Short Blades
  4542 | D:4      | Reached skill level 5 in Stealth
  4614 | D:4      | Noticed Edmund
  4625 | D:4      | Killed Edmund
  4625 | D:4      | Reached XP level 6. HP: 28/28 MP: 1/12
  5255 | D:5      | Entered Level 5 of the Dungeon
  5640 | D:5      | Reached XP level 7. HP: 29/32 MP: 14/14
  5734 | D:5      | Reached *** piety under Dithmenos
  6035 | D:5      | Reached skill level 5 in Spellcasting
  6210 | D:5      | Got a smoking robe
  6221 | D:5      | Identified the +1 robe of Wu Jian's Castigation {Str+5
                  | Dex+4} (You found it on level 5 of the Dungeon)
  6419 | D:6      | Noticed Eustachio
  6428 | D:6      | Killed Eustachio
  6441 | D:6      | Reached XP level 8. HP: 36/36 MP: 17/17
  6634 | D:6      | Found an ornate altar of the Wu Jian Council.
  6683 | D:6      | Found an iron altar of Okawaru.
  7000 | D:6      | Found an opulent altar of Gozag.
  7220 | D:7      | Noticed a hippogriff
  7227 | D:7      | Killed a hippogriff
  7252 | D:7      | Found Pine Eke's Magic Scroll Shop.
  7256 | D:7      | Reached **** piety under Dithmenos
  7261 | D:7      | Bought a scroll of teleportation for 39 gold pieces
  7261 | D:7      | Bought a scroll of amnesia for 45 gold pieces
  7349 | D:7      | Found Riyczumiqi's Magic Scroll Boutique.
  7357 | D:7      | Bought a scroll of enchant weapon for 97 gold pieces
  7357 | D:7      | Bought a scroll of random uselessness for 13 gold pieces
  7367 | D:7      | Found Zoarumom's Armour Shoppe.
  7384 | D:7      | Found Puqustrapp's Magic Scroll Emporium.
  7391 | D:7      | Found a staircase to the Ecumenical Temple.
  7393 | D:7      | Bought a scroll of immolation for 45 gold pieces
  7838 | D:8      | Found a basalt altar of Yredelemnul.
  7839 | D:8      | Found a glowing silver altar of Zin.
  7862 | D:8      | Found a flagged portal.
  7875 | Bailey   | Entered a bailey
  7892 | Bailey   | Noticed an orc warlord
  7941 | Bailey   | Reached XP level 9. HP: 39/39 MP: 0/20
  8330 | Bailey   | Slain by an orc warrior

Vault maps used:
D:1:      nzn_arrival_crosshair, st_stairs_3, minmay_misc_feat_room,
          grunt_decor_mini_mirrors
D:2:      vehumet_crystals, uniq_crazy_yiuf_cottage
D:3:      kb_forest_paths, grunt_dithmenos_smoke,
          chequers_temple_overflow_statue_of_worship,
          grunt_temple_overflow_champion_of_chaos, first_ration,
          serial_park_tiny_1
D:4:      uniq_edmund
D:6:      nicolae_gozag_cash_rules_everything_around_me, kennysheep_mini_moat,
          lemuel_doored_altar, kennysheep_generic_room_7, uniq_eustachio
D:7:      temple_fountains, serial_shops, nicolae_shop_stone, shop, shop, shop,
          grunt_ogre_cave
D:8:      kennysheep_mini, gammafunk_temple_overflow_statue, enter_bailey_3,
          uniq_erica, uniq_psyche, uniq_joseph
Bailey:   bailey_axe_bossmonster_kennysheep, bailey

Skill      XL: |  1  2  3  4  5  6  7  8 |
---------------+-------------------------+-----
Spellcasting   | 3 4 5 7 |  7.2
Hexes          | 4 |  4.5
Short Blades   | 2 3 4 5 6 7 9 |  9.6
Stealth        | 5 6 7 9 |  9.7
Dodging        | |  3.0

Action                   |  1- 3 |  4- 6 |  7- 9 || total
-------------------------+-------+-------+-------++-------
Melee: Dagger            |    93 |   204 |   268 ||   565
       Whip              |    53 |     9 |       ||    62
Throw: Tomahawk          |       |       |     6 ||     6
 Cast: Corona            |     9 |       |       ||     9
       Ensorcelled Hiber |    11 |    69 |    32 ||   112
       Confuse           |     1 |    10 |    33 ||    44
       Tukima's Dance    |       |     8 |     2 ||    10
 Abil: Evoke Invisibilit |       |       |     1 ||     1
Evoke: Wand              |     1 |       |       ||     1
  Use: Scroll            |       |     9 |     5 ||    14
       Potion            |       |     3 |       ||     3
 Stab: Sleeping          |     8 |    38 |    39 ||    85
       Distracted        |     2 |     1 |       ||     3
       Confused          |     1 |     5 |    15 ||    21
       Petrifying        |       |     1 |       ||     1
       Invisible         |       |       |     2 ||     2
  Eat: Ration            |       |     7 |     1 ||     8
Armor: Robe              |     6 |     7 |    10 ||    23
Dodge: Dodged            |   145 |   149 |   119 ||   413

Table legend:
 A = Non-vault XP
 B = Vault XP
 C = Vault XP percentage of total XP
 D = Non-vault monster count
 E = Vault monster count
 F = Vault count percentage of total count
                 A         B        C        D         E       F
            +---------+---------+-------+---------+---------+-------
      Total |    2113 |     987 |  31.8 |     139 |      41 |  22.8
            +---------+---------+-------+---------+---------+-------
        D:1 |      42 |       3 |   6.7 |      18 |       2 |  10.0
        D:2 |     107 |      23 |  17.7 |      29 |       1 |   3.3
        D:3 |      43 |      60 |  58.3 |      21 |       7 |  25.0
        D:4 |     183 |     124 |  40.4 |      10 |       1 |   9.1
        D:5 |     545 |       0 |   0.0 |      35 |       0 |   0.0
        D:6 |     656 |     340 |  34.1 |      17 |       3 |  15.0
        D:7 |     486 |     116 |  19.3 |       7 |       1 |  12.5
        D:8 |      51 |       8 |  13.6 |       2 |       4 |  66.7
     Bailey |       0 |     313 | 100.0 |       0 |      22 | 100.0
            +---------+---------+-------+---------+---------+-------
